 Dungeon Crawl Stone Soup version 0.27.1-33-g824d729ab1 (webtiles) character file.

Game seed: 3663297124523251343

38 potato4science the Insei (level 3, 0/28 HPs)
             Began as a Djinni Transmuter on Dec 25, 2021.
             Slain by an adder (3 damage)
             ... on level 1 of the Dungeon.
             The game lasted 00:09:12 (2364 turns).

potato4science the Insei (Djinni Transmuter)        Turns: 2364, Time: 00:09:12

Health: 0/28       AC:  2    Str:  9    XL:     3   Next: 65%
Gold:   0          EV: 11    Int: 15    God:
                   SH:  4    Dex: 13

rFire    + + .     SeeInvis .     - Unarmed
rCold    x . .     Faith    .   i - +0 buckler
rNeg     . . .     Spirit   .   a - +0 robe
rPois    ∞         Reflect  .   (no helmet)
rElec    .         Harm     .   (no cloak)
rCorr    .         Rampage  .   (no gloves)
Will     .....                  (boots unavailable)
Stlth    +.........             (no amulet)
HPRegen  0.09/turn              (no ring)
MPRegen  0.00/turn              (no ring)

@: flying
A: sickness immunity, fire resistance 2, cold vulnerability 1, float, innate
caster, hp casting, extra vitality 1
a: no special abilities


You were on level 1 of the Dungeon.
You visited 1 branch of the dungeon, and saw 2 of its levels.

Inventory:

Armour
 a - a +0 robe (worn)
 i - a +0 buckler (worn)
Magical Staves
 g - a staff of poison
Scrolls
 b - 4 scrolls of teleportation {unknown}
 c - 2 scrolls of vulnerability {unknown}
 e - a scroll of immolation {unknown}
 f - a scroll of identify {unknown}
Potions
 d - a potion of might {unknown}
 h - a potion of ambrosia {unknown}
 j - a potion of curing {unknown}


   Skills:
 - Level 2.0 Fighting
 - Level 1.0 Armour
 - Level 2.1 Dodging
 + Level 1.3 Shields
 - Level 3.0 Unarmed Combat
 - Level 2.0 Spellcasting


You couldn't memorise any spells.
You knew the following spells:

 Your Spells              Type           Power      Damage    Failure   Level
a - Beastly Appendage     Tmut           14%        N/A       14%         1
b - Wereblood             Tmut           7%         N/A       21%         2
c - Spider Form           Tmut/Pois      3%         N/A       38%         3
d - Ice Form              Ice/Tmut       7%         N/A       80%         4
e - Foxfire               Conj/Fire      28%        2x1d5     14%         1
Your spell library was empty.

Dungeon Overview and Level Annotations

Branches:
Dungeon (2/15)

Altars:

Shops:
D:1 *


Innate Abilities, Weirdness & Mutations

You are immune to sickness and miasma.
You are immune to poison.
Your flesh is very heat resistant. (rF++)
You are vulnerable to cold. (rC-)
You float through the air rather than walking.
You learn spells naturally, not from books.
Your magical power is your life essence.
You have superior vitality. (+4 HP)


Message History

You closely miss the adder.
The adder is moderately wounded.
The endoplasm quivers.
The adder bites you.
You closely miss the adder.
The adder is moderately wounded.
The adder bites you.
You closely miss the adder.
The adder is moderately wounded.
The adder misses you. The adder bites you. The adder bites you.
The adder barely misses you. The adder bites you. The adder bites you.
The adder closely misses you.
You see here a +0 scale mail.
The adder bites you.
* * * LOW HITPOINT WARNING * * *
The adder misses you. The adder bites you.
* * * LOW HITPOINT WARNING * * *
You hit the adder but do no damage.
The adder is lightly wounded.
The adder barely misses you. x2
The adder closely misses you. The adder bites you.
* * * LOW HITPOINT WARNING * * *
The adder bites you.
* * * LOW HITPOINT WARNING * * *
You see here 20 stones.
The adder bites you.
* * * LOW HITPOINT WARNING * * *
The adder bites you but does no damage. The adder bites you but does no damage.
You block the adder's attack. The adder bites you but does no damage.
There is a stone staircase leading up here.
You block the adder's attack.
You fly upwards.
There is a stone staircase leading down here.
You barely miss the adder. The adder bites you.
You die...

### #.########## #.#.........
#.#.######## #.#.#....... ##
#........... .# #.#.#.######
.#####################.#.#.......
.'..............@S.......#>.#####
.####......#######.......#..# .#
#.)....# #.......#..# ## ##
#......# ####..........####. #
#......####..............#... ##
#............................ .#
#.#########.####............. .#
#.##...# #.# #.#...#....#.. .#
#.##...# #.# #.#...........


You could see an adder.

Vanquished Creatures
  An adder (D:2)
  A ball python (D:1)
  6 endoplasms
  2 giant cockroaches (D:1)
  3 hobgoblins (D:1)
  3 kobolds (D:1)
  2 quokkas (D:1)
  A bat (D:1)
  A frilled lizard (D:2)
  3 goblins (D:1)
  2 rats (D:1)
25 creatures vanquished.

Vanquished Creatures (others)
  5 toadstools (D:1)
5 creatures vanquished.

Grand Total: 30 creatures vanquished

Notes
Turn   | Place    | Note
-------+----------+-------------------------------------------
     0 | D:1      | potato4science the Djinni Transmuter began the quest for
                  | the Orb.
     0 | D:1      | Reached XP level 1. HP: 17/17 MP: 0/0
   323 | D:1      | Found Zitut's Assorted Antiques.
   505 | D:1      | Reached XP level 2. HP: 20/22 MP: 0/0
  1358 | D:1      | Reached XP level 3. HP: 25/28 MP: 0/0
  1358 | D:1      | Learned a level 1 spell: Foxfire
  1546 | D:1      | Reached skill level 1 in Armour
  1978 | D:2      | HP: 1/28 [adder (4)]
  1980 | D:2      | Reached skill level 1 in Shields
  2364 | D:1      | Slain by an adder

Illustrated notes

Levels and vault maps discovered:
D:1:      ldierk_walled_garden, layout_basic, serial_curves, eino_curves_02,
          eino_curves_04, eino_curves_03, serial_shops, nicolae_shop_trees,
          skrybe_limestone_x, minmay_close_crescents
D:2:      minmay_razor_zed, layout_basic, ebering_ecumenical_altar_webs

Skill      XL: |  1  2  3 |
---------------+----------+-----
Spellcasting   | 2 |  2.0
Fighting       | 2 |  2.0
Armour         | 1 |  1.0
Shields        | 1 |  1.3
Dodging        | |  2.1
Unarmed Combat | |  3.0

Action                   || total
-------------------------++-------
Melee: Unarmed           ||   112
       Headbutt          ||     2
       Punch             ||     1
 Cast: Beastly Appendage ||     3
       Wereblood         ||     3
 Stab: Sleeping          ||     1
Armor: Robe              ||     6
Dodge: Dodged            ||    74
Block: Buckler           ||    11
